 Dungeon Crawl Stone Soup version 0.31-a0-675-g238779eb0a (webtiles) character file.

Game seed: 9329542768696824490

114411 NigelTetley the Thaumaturge (level 15, -5/121 HPs)
             Began as a Demigod Conjurer on Sept 5, 2023.
             Slain by a +2 long sword of pain (6 damage)
             ... on level 2 of the Elven Halls.
             The game lasted 01:07:00 (44139 turns).

NigelTetley the Thaumaturge (Demigod Conjurer)     Turns: 44139, Time: 01:07:00

Health: -5/121     AC: 19    Str:  8    XL:     15   Next: 68%
Magic:  5/38       EV: 18    Int: 40    God:
Gold:   688        SH:  0    Dex: 21    Spells: 5/42 levels left

rFire   + . .        f - +9 morningstar of Tender Mercy {speed, Dex+5}
rCold   + . .        (no shield)
rNeg    . . .        F - +5 steam dragon scales
rPois   .            n - +0 helmet
rElec   .            k - scarf {shadows}
rCorr   .            w - +2 pair of gloves
SInv    .            C - +2 pair of boots of the Earth {Dex+4 Slay+2}
Will    ++...        (no amulet)
Stlth   ++           t - ring of protection from fire
HPRegen 0.40/turn    r - ring of protection from cold
MPRegen 0.26/turn

%: no passive effects
@: enlightened, flying, very slightly contaminated
A: high MP 1, forlorn, divine attributes
a: no special abilities


You were on level 2 of the Elven Halls.
You visited 4 branches of the dungeon, and saw 24 of its levels.
You also visited: Ice Cave.

You collected 2745 gold pieces.
You spent 2057 gold pieces at shops.

Inventory:

Hand Weapons
 f - the +9 morningstar of Tender Mercy (weapon) {speed, Dex+5}
   (You found it in an ice cave)

   Dex+5:     It affects your dexterity (+5).
 g - a +4 scimitar of flaming
Missiles
 i - 7 throwing nets
Armour
 k - a scarf of shadows (worn)
 n - a +0 helmet (worn)
 w - a +2 pair of gloves (worn)
 B - a +1 robe of fire resistance
 C - the +2 pair of boots of the Earth (worn) {Dex+4 Slay+2}
   (You found it on level 7 of the Dungeon)

   Dex+4:     It affects your dexterity (+4).
   Slay+2:    It affects your accuracy & damage with ranged weapons and melee
   (+2).
 D - the +8 orange crystal plate armour {Archmagi, Int+3 Clar}
   (You found it on level 12 of the Dungeon)

   Int+3:     It affects your intelligence (+3).
   Clar:      It protects you from confusion, rage, mesmerisation and fear.
 F - +5 steam dragon scales (worn)
Jewellery
 r - a ring of protection from cold (right hand)
 t - a ring of protection from fire (left hand)
 I - a ring of protection from cold
 O - a +6 ring of dexterity
Wands
 e - a wand of charming (14)
 p - a wand of quicksilver (19)
 y - a wand of polymorph (7)
 A - a wand of iceblast (44)
 L - a wand of digging (8)
Scrolls
 a - 3 scrolls of identify
 b - 2 scrolls of vulnerability
 h - 5 scrolls of immolation
 j - 3 scrolls of blinking
 l - 6 scrolls of revelation
 o - 2 scrolls of enchant armour
 q - 5 scrolls of enchant weapon
 u - a scroll of amnesia
 E - 2 scrolls of fog
 H - 2 scrolls of brand weapon
 J - a scroll of fear
Potions
 c - 4 potions of cancellation
 d - a potion of attraction
 m - a potion of berserk rage
 s - a potion of lignification
 v - 3 potions of brilliance
 x - 3 potions of resistance
 z - a potion of mutation
 G - a potion of curing
 K - a potion of enlightenment
 M - a potion of ambrosia
 N - 2 potions of might


   Skills:
 + Level 8.2 Fighting
 + Level 7.1 Armour
 + Level 8.3 Dodging
 - Level 1.7 Stealth
 * Level 14.3 Spellcasting
 + Level 9.4 Conjurations
 - Level 5.1 Hexes
 - Level 5.2 Translocations
 * Level 13.7 Fire Magic
 - Level 4.0 Poison Magic


You had 5 spell levels left.
You knew the following spells:

 Your Spells              Type           Power      Damage    Failure   Level
a - Magic Dart            Conj           100%       1d8       1%          1
b - Searing Ray           Conj           100%       2d8       1%          2
c - Fulminant Prism       Conj/Hex       36%        3d17      1%          4
d - Iskenderun's Mystic   Conj/Tloc      72%        2d15      1%          4
e - Ignition              Fire           47%        3d13      26%         8
f - Olgreb's Toxic Radia  Pois           57%        N/A       2%          4
g - Blink                 Tloc           100%       N/A       1%          2
h - Fireball              Conj/Fire      44%        3d18      1%          5
i - Orb of Destruction    Conj           40%        9d11      21%         7

Your spell library contained the following spells:

 Spells                   Type           Power      Damage    Failure   Level
 Foxfire                  Conj/Fire      100%       2x1d9     0%          1
 Necrotise                Necr           100%       1d9       1%          1
 Sting                    Tmut/Pois      100%       1d8       1%          1
 Lesser Beckoning         Tloc           100%       N/A       1%          2
 Momentum Strike          Conj/Tloc      100%       3d10      1%          2
 Poisonous Vapours        Pois/Air       88%        N/A       1%          2
 Dazzling Flash           Conj/Hex       100%       N/A       1%          3
 Ignite Poison            Fire/Tmut/Pois 66%        N/A       1%          3
 Inner Flame              Hex/Fire       81%        N/A       1%          3
 Flame Wave               Conj/Fire      88%        2d19      1%          4
 Sticky Flame             Conj/Fire      88%        2d10      1%          4
 Iskenderun's Battlesphe  Conj           81%        2d13      1%          5
 Vampiric Draining        Necr           28%        2d8       3%          3
 Summon Forest            Summ/Tloc      24%        N/A       11%         5
 Alistair's Intoxication  Tmut/Pois      29%        N/A       14%         5
 Agony                    Necr           28%        N/A       30%         5
 Borgnjor's Vile Clutch   Necr/Erth      14%        N/A       30%         5
 Conjure Ball Lightning   Conj/Air       30%        3x3d10    26%         6
 Eringya's Noxious Bog    Tmut/Pois      22%        4d6       58%         6
 Summon Hydra             Summ           14%        N/A       100%        7
 Chain Lightning          Conj/Air       30%        3d40      100%        9
 Fire Storm               Conj/Fire      44%        8d11      100%        9


Dungeon Overview and Level Annotations

Branches:
Dungeon (15/15)            Temple (0/1) D:4            Lair (5/5) D:8
  Swamp (0/4) Lair:3       Spider (0/4) Lair:3        Slime (0/5) Lair:4
    Orc (2/2) D:9             Elf (2/3) Orc:2        Vaults (0/5) D:14
 Depths (0/4) D:15          IceCv (visited)

Shops:
D:14 ?   Orc:2 (:*[

Portals:
Trove: D:13 (give +6 demon blade)

Annotations:
D:3 exclusion: downstairs
D:5 exclusion: downstairs
D:7 1 transporter, MrCrawl's ghost, novice MiBe
Lair:2 exclusion: downstairs
Lair:4 exclusion: downstairs
Lair:5 2 transporters, microfolk's ghost, journeyman BaRe


Innate Abilities, Weirdness & Mutations

You have an increased reservoir of magic. (+10% MP)
You shall have no god before yourself.
Your divine heritage dramatically boosts your attributes as you level up.


Message History

The deep elf sorcerer is severely wounded.
You impale the deep elf sorcerer!!
You kill the deep elf sorcerer!
The deep elf knight points at you and mumbles some strange words.
The shard of ice hits you!! You partially resist.
The deep elf knight casts a spell at you.
The shard of ice misses you.
Unknown command.
There is an open door here.
The deep elf knight gestures wildly while chanting.
The deep elf knight flickers and vanishes!
Deactivating autopickup; reactivate with Ctrl-A.
The +2 long sword of pain barely misses you.
The +2 long sword of pain attacks as it pursues you!
The +2 long sword of pain hits you but does no damage.
The +2 long sword of pain completely misses you.
The +2 long sword of pain hits you.
The +2 long sword of pain completely misses you.
The +2 long sword of pain hits you!
* * * LOW HITPOINT WARNING * * *
There is an open door, spattered with blood here.
The +2 long sword of pain hits you!
* * * LOW HITPOINT WARNING * * *
You feel very buoyant.
You fly up into the air.
The +2 long sword of pain hits you!
* * * LOW HITPOINT WARNING * * *
You hear a bow twang.
An arrow appears from out of thin air!
The arrow hits you!
* * * LOW HITPOINT WARNING * * *
A +2 long sword of pain is nearby!
Casting: Orb of Destruction (dangerous; 21% risk of failure)
Confirm with . or Enter, or press ? or * to list all spells.
You erupt in a blast of force!
The mystic blast hits something!
The mystic blast hits the +2 long sword of pain!
The +2 long sword of pain is moderately damaged.
The +2 long sword of pain is knocked back by the mystic blast.
The +2 long sword of pain slams into the rock wall!
The +2 long sword of pain is almost destroyed.
The +2 long sword of pain hits you.
You die...

##)....###.###
.'.)...'.>...#
##.....#####.#
##....### #.#
##......# #.########
##.......###.##.....##
.'.......'....'......#
##.......###.##......#
##.....## #####@...##
##...## ##(.## ###'#
#'## #.# #.## ..# #..#
##.# ### #.# ##..# #.#
.#....## #.#


You could see a +2 long sword of pain.

Vanquished Creatures
  Jorgrun (Orc:1)
  Frances (D:13)
  Kirke (D:13)
  Donald (Elf:1)
  A deep elf sorcerer (Elf:2)
  An orc warlord (Orc:1)
  A reaper (IceCv)
  A deep elf demonologist (Elf:2)
  Snorg (D:13)
  2 fire dragons (D:15)
  6 hydras
  3 vault guards (D:14)
  Harold (D:9)
  An ogre mage (D:10)
  A catoblepas (Lair:2)
  Erica (Lair:1)
  3 centaur warriors
  3 two-headed ogres
  3 tengu warriors
  3 boulder beetles
  2 death yaks (Lair:2)
  6 dancing weapons
  An orc high priest (Orc:2)
  Sonja (D:9)
  8 deep elf knights
  2 skysharks
  6 deep elf archers
  5 orc knights
  2 bog bodies (Lair:3)
  15 deep elf zephyrmancers
  15 deep elf pyromancers
  4 orc sorcerers
  3 manticores
  9 ugly things
  A salamander (shapeshifter) (D:15)
  8 cyclopes
  5 black mambas (Lair:5)
  6 elephants (Lair:3)
  A guardian serpent (shapeshifter) (D:14)
  13 cane toads
  2 gargoyles
  4 rime drakes
  An ice statue (IceCv)
  Maggie (D:9)
  A yaktaur (shapeshifter) (D:14)
  11 komodo dragons
  2 freezing wraiths
  An efreet (D:14)
  A kobold demonologist (D:10)
  A komodo dragon (shapeshifter) (D:14)
  A tengu conjurer (D:15)
  5 trolls
  A polar bear (Lair:2)
  17 blink frogs
  7 slime creatures
  Sigmund (D:4)
  2 culicivoras (Lair:3)
  A dire elephant simulacrum (IceCv)
  6 water elementals
  47 yaks
  A fire elemental (Elf:2)
  9 humans (D:14)
  6 wyverns
  2 death yak simulacra (IceCv)
  7 vampire mosquitoes
  9 basilisks
  7 hogs (D:13)
  2 wraiths
  A steam dragon (D:8)
  6 wargs (Orc:2)
  An acid dragon (D:11)
  A harpy simulacrum (IceCv)
  A hydra simulacrum (IceCv)
  23 water moccasins
  34 orc warriors
  2 black bears (Lair:2)
  2 ice beasts
  A sky beast (D:6)
  6 ogres
  15 wolves
  A phantom (D:6)
  7 centaurs
  5 kobold brigands
  24 bullfrogs
  9 scorpions
  2 earth elementals (Elf:1)
  3 cane toad simulacra
  5 two-headed ogre simulacra (IceCv)
  5 wights (D:9)
  4 killer bees (D:9)
  3 elephant simulacra (IceCv)
  6 electric eels
  5 howler monkeys
  2 hounds
  14 jellies
  21 orc priests
  A gnoll bouda (D:7)
  7 iguanas
  Jessica (D:2)
  A sleepcap (D:6)
  35 orc wizards
  3 polar bear simulacra (IceCv)
  4 spriggan simulacra (IceCv)
  5 troll simulacra (IceCv)
  3 wolf simulacra (IceCv)
  A mummy (D:13)
  Robin (D:3)
  10 gnolls
  15 adders
  3 naga simulacra (IceCv)
  A shadow imp (D:6)
  8 white imps
  10 ufetubi
  3 worms (D:2)
  2 dart slugs
  94 orcs
  9 ball pythons
  9 endoplasms
  4 giant cockroaches
  21 goblins
  8 hobgoblins
  12 jackals
  35 kobolds
  4 quokkas
  6 bats
  5 frilled lizards
  3 rats
838 creatures vanquished.

Vanquished Creatures (others)
  An orc wizard (Orc:2)
  139 fulminant prisms
140 creatures vanquished.

Grand Total: 978 creatures vanquished

Notes
Turn   | Place    | Note
-------+----------+-------------------------------------------
     0 | D:1      | NigelTetley the Demigod Conjurer began the quest for the
                  | Orb.
     0 | D:1      | Reached XP level 1. HP: 14/14 MP: 5/5
   154 | D:1      | Reached skill level 2 in Spellcasting
   275 | D:1      | Reached XP level 2. HP: 19/20 MP: 0/7
   349 | D:1      | Learned a level 2 spell: Searing Ray
  1031 | D:2      | Noticed Jessica
  1039 | D:2      | Killed Jessica
  1040 | D:2      | Reached XP level 3. HP: 26/26 MP: 1/10
  1105 | D:2      | Reached skill level 3 in Spellcasting
  1623 | D:2      | Reached XP level 4. HP: 33/33 MP: 8/11
  2997 | D:3      | Reached XP level 5. HP: 24/38 MP: 5/14
  2999 | D:3      | Reached skill level 4 in Spellcasting
  3337 | D:3      | Noticed Robin
  3346 | D:3      | Killed Robin
  3763 | D:4      | Noticed an ogre
  3770 | D:4      | Killed an ogre
  3771 | D:4      | Reached skill level 5 in Conjurations
  3771 | D:4      | Reached XP level 6. HP: 17/45 MP: 7/16
  3836 | D:4      | Learned a level 4 spell: Fulminant Prism
  3841 | D:4      | Learned a level 4 spell: Iskenderun's Mystic Blast
  3991 | D:4      | Noticed Sigmund
  4181 | D:5      | Entered Level 5 of the Dungeon
  4501 | D:5      | Reached skill level 5 in Spellcasting
  4749 | D:4      | Reached skill level 1 in Fighting
  4749 | D:4      | Reached skill level 1 in Hexes
  4749 | D:4      | Reached skill level 1 in Translocations
  4920 | D:4      | Found a staircase to the Ecumenical Temple.
  4925 | D:4      | Reached XP level 7. HP: 52/52 MP: 11/18
  5507 | D:4      | Killed Sigmund
  5898 | D:5      | Reached XP level 8. HP: 52/61 MP: 13/20
  6147 | D:5      | Reached skill level 6 in Spellcasting
  8002 | D:6      | Reached XP level 9. HP: 70/70 MP: 17/22
  9007 | D:7      | Noticed MrCrawl's ghost (novice MiBe)
  9009 | D:7      | Found a transporter.
  9014 | D:7      | Identified the +7 great mace of Checkmate {antimagic, rC-
                  | Str+6 SInv}
  9014 | D:7      | Identified the +7 dire flail of Fitarph {protect, rF+
                  | Str+3}
  9014 | D:7      | Noticed a two-headed ogre
  9128 | D:7      | Reached skill level 7 in Spellcasting
  9128 | D:7      | Reached skill level 1 in Fire Magic
  9320 | D:7      | Identified the +2 pair of boots of the Earth {Dex+4 Slay+2}
 10501 | D:8      | Found a staircase to the Lair.
 10524 | D:8      | Reached XP level 10. HP: 80/80 MP: 6/25
 10915 | D:8      | Noticed an angel
 11105 | D:9      | Found a staircase to the Orcish Mines.
 11145 | D:9      | Reached skill level 5 in Dodging
 11297 | D:9      | Noticed Maggie
 11308 | D:9      | Killed Maggie
 11425 | D:9      | Noticed Harold
 11446 | D:9      | Killed Harold
 11447 | D:9      | Reached skill level 8 in Spellcasting
 11698 | D:9      | Reached skill level 5 in Fighting
 13224 | D:10     | Entered Level 10 of the Dungeon
 13632 | D:10     | Reached skill level 5 in Translocations
 13664 | D:10     | Reached skill level 5 in Fire Magic
 13670 | D:10     | Reached skill level 5 in Hexes
 13670 | D:10     | Reached XP level 11. HP: 34/88 MP: 12/27
 13743 | D:10     | Noticed an ogre mage
 13932 | D:10     | Killed an ogre mage
 14545 | D:11     | Noticed a centaur warrior
 14899 | Orc:1    | Entered Level 1 of the Orcish Mines
 14899 | Orc:1    | Noticed Sonja
 15155 | Orc:1    | Noticed an orc knight
 15364 | D:9      | Killed an orc knight
 15365 | D:9      | Reached skill level 9 in Spellcasting
 15490 | Orc:1    | Noticed a two-headed ogre
 15641 | D:9      | Killed a two-headed ogre
 15642 | D:9      | Reached skill level 1 in Armour
 15775 | D:9      | Killed Sonja
 16000 | Orc:1    | Noticed an orc knight
 16034 | Lair:1   | Entered Level 1 of the Lair of Beasts
 16116 | Lair:1   | Noticed Erica
 16124 | Lair:1   | Killed Erica
 17283 | Lair:2   | Found a frozen archway.
 17300 | IceCv    | Entered an ice cave
 19028 | IceCv    | Noticed a reaper
 19280 | IceCv    | Killed a reaper
 19549 | IceCv    | Identified the +9 morningstar of Tender Mercy {speed,
                  | Dex+5}
 19839 | Lair:2   | Reached skill level 10 in Spellcasting
 20126 | Lair:2   | Reached XP level 12. HP: 47/94 MP: 25/30
 20328 | Lair:2   | Noticed a catoblepas
 20343 | Lair:2   | Killed a catoblepas
 21025 | Lair:2   | Noticed a seven-headed hydra
 21030 | Lair:2   | Killed a seven-headed hydra
 21038 | Lair:2   | Reached skill level 11 in Spellcasting
 22025 | Lair:3   | Reached skill level 10 in Fire Magic
 22239 | Lair:3   | Found a staircase to the Swamp.
 22756 | Lair:3   | Reached XP level 13. HP: 95/101 MP: 6/33
 22905 | Lair:3   | Found a hole to the Spider Nest.
 23418 | Lair:4   | Reached skill level 12 in Spellcasting
 24570 | Lair:4   | Found a staircase to the Slime Pits.
 25078 | Lair:5   | Entered Level 5 of the Lair of Beasts
 25489 | Lair:5   | Reached skill level 1 in Poison Magic
 26022 | Lair:5   | Found a transporter.
 26082 | Lair:5   | Noticed microfolk's ghost (journeyman BaRe)
 26516 | Lair:5   | Found a transporter.
 27266 | D:9      | Learned a level 8 spell: Ignition
 27752 | Orc:2    | Entered Level 2 of the Orcish Mines
 28280 | Orc:2    | Found a staircase to the Elven Halls.
 28303 | Orc:1    | Noticed Jorgrun
 28316 | Orc:1    | Killed Jorgrun
 29220 | Orc:2    | Reached XP level 14. HP: 87/110 MP: 2/36
 29403 | Orc:2    | Noticed an orc warlord
 29905 | Orc:1    | Learned a level 4 spell: Olgreb's Toxic Radiance
 29924 | Orc:1    | Killed an orc warlord
 30097 | Orc:2    | Reached skill level 13 in Spellcasting
 30099 | Orc:2    | Reached skill level 5 in Armour
 30799 | Orc:2    | Paralysed by an orc sorcerer for 3 turns
 30975 | Orc:2    | Found Wogrih's Antique Weapon Boutique.
 30981 | Orc:2    | Bought a steaming great sword for 287 gold pieces
 30981 | Orc:2    | Identified the +8 great sword of Honesty {flame, rPois rF+
                  | Int-4} (You bought it in a shop on level 2 of the Orcish
                  | Mines)
 30991 | Orc:2    | Found Peimien's Book Boutique.
 30998 | Orc:2    | Bought Bemuquak's Secrets of Fulgurous Striking for 624
                  | gold pieces
 30998 | Orc:2    | Bought a book of Spatial Translocations for 234 gold pieces
 30998 | Orc:2    | Bought Great Wizards, Vol. II for 494 gold pieces
 31007 | Orc:2    | Found Qauzeim's Antique Armour Boutique.
 31023 | Orc:2    | Found Iquiqialo's General Store.
 31030 | Orc:2    | Bought a scroll of blinking for 90 gold pieces
 31030 | Orc:2    | Bought a scroll of poison for 48 gold pieces
 31033 | Orc:2    | Learned a level 2 spell: Blink
 32908 | D:12     | Learned a level 5 spell: Fireball
 32916 | D:12     | Learned a level 7 spell: Orb of Destruction
 33279 | D:12     | Found the +8 orange crystal plate armour {Archmagi, Int+3
                  | Clar}
 34178 | D:13     | Noticed Kirke
 34181 | D:13     | Noticed a sphinx
 34188 | D:13     | Killed Kirke
 34365 | D:13     | Identified the +7 war axe "Maociwn" {flame, rF+ Dex+3
                  | Stlth-}
 34686 | D:13     | Found a portal to a secret trove of treasure.
 34842 | D:13     | Noticed Snorg
 34845 | D:13     | Noticed Frances
 35428 | D:14     | Found Gintyr's Magic Scroll Shop.
 35745 | D:14     | Bought a scroll of fear for 64 gold pieces
 35745 | D:14     | Bought a scroll of identify for 32 gold pieces
 35745 | D:14     | Bought a scroll of identify for 32 gold pieces
 35745 | D:14     | Bought a scroll of revelation for 120 gold pieces
 35745 | D:14     | Bought a scroll of identify for 32 gold pieces
 36504 | D:13     | Killed Snorg
 37015 | D:13     | Killed Frances
 37449 | D:13     | Found a portal to a secret trove of treasure.
 37960 | D:14     | Found a gate to the Vaults.
 39003 | D:15     | Entered Level 15 of the Dungeon
 39287 | D:15     | Reached XP level 15. HP: 112/118 MP: 2/37
 39910 | D:15     | Identified the +7 rapier of Uskayaw's Hatred {antimagic,
                  | rN+ Stlth+}
 40230 | D:15     | Found a staircase to the Depths.
 40594 | Elf:1    | Entered Level 1 of the Elven Halls
 41492 | Elf:1    | Noticed Donald
 41504 | Elf:1    | Killed Donald
 41915 | Elf:1    | Reached skill level 14 in Spellcasting
 44138 | Elf:2    | HP: 1/121 [something (13)]
 44139 | Elf:2    | Slain by a +2 long sword of pain

Illustrated notes

Levels and vault maps discovered:
D:1:      eino_arrival_cavern_e, layout_loops_ring, grunt_decor_mini_mirrors
D:2:      layout_basic, uniq_jessica
D:3:      kennysheep_goblin_castle, layout_basic,
          shapermc_ecumenical_altar_notcrosses
D:4:      layout_gridville, minmay_temple_entry_sparse_star,
          kennysheep_nondescript, uniq_sigmund
D:5:      layout_cave_pods, mainiacjoe_overflow_alcove_1, trog_butcher_becter,
          kennysheep_generic_room_13
D:6:      minmay_razor_zed, layout_cave_pods,
          mainiacjoe_overflow_small_starburst
D:7:      layout_cave_pools, nicolae_hepliaklqana_hazy_memory,
          gammafunk_ghost_smash
D:8:      layout_basic, zin_angel, minmay_lair_entry_grove
D:9:      layout_irregular_city, hiddenorc1_lemuel, uniq_maggie, uniq_harold
D:10:     layout_cave_pools, cheibrodos_ashenzari_chains,
          hangedman_decor_growths, minmay_chambers_of_fives
D:11:     layout_basic, minmay_microvault
D:12:     layout_basic, serial_glass, glass_columns_a, glass_columns_c
D:13:     layout_layer_cave, nicolae_trove_entry_diagonal, slow_altar_2,
          uniq_frances, uniq_kirke, uniq_snorg
D:14:     layout_basic, ximxim_vaults_locker_room, serial_shops,
          nicolae_stop_n_shop_1, chequers_arboretum,
          amcnicky_mini_corridor_feature
D:15:     grunt_enter_depths_hoard, layout_cave_pods
Lair:1:   layout_roguey, basic_altar, lemuel_fruit_tree, uniq_erica
Lair:2:   nzn_winding_woodlands_three_and_one [nzn_winding_woodlands_5x15_pool,
          nzn_winding_woodlands_5x15_garden, nzn_winding_woodlands_5x15_jagged,
          nzn_winding_woodlands_center_pierced_h], layout_gridlike,
          portal_ice_cave_entry_ice_simulacra, grunt_megastairs_5
Lair:3:   layout_chaotic_city, skrybe_swamp_entry_bodies,
          hellmonk_spider_entry_life_and_decay, minmay_stone_trees_small,
          grunt_megastairs_2
Lair:4:   layout_roguey, minmay_slime_entry_jelly_boxes, grunt_megastairs_4
Lair:5:   evil_forest, layout_small_grid, gammafunk_ghost_wrathful_warriors,
          nicolae_lair_grove_arrangements, serial_bayou_pond_b
Orc:1:    layout_caves, uniq_jorgrun, uniq_sonja
Orc:2:    grunt_orc_cross, layout_diamond_mine, special_room, nooodl_orcs_dogs
Elf:1:    layout_geoelf_octagon, minmay_elf_crystal_hexagon, uniq_donald
Elf:2:    elven_hall_of_blades_hangedman_original
          [infiniplex_blade_entry_pillars], layout_gridlike, serial_shops, shop,
          minmay_shop_star

Skill      XL: |  1  2  3  4  5  6  7  8  9 10 11 12 13 14 15 |
---------------+----------------------------------------------+-----
Spellcasting   | 2 3 4 5 6 7 8 10 11 12 13 14 | 14.3
Conjurations   | 4 5 6 7 8 9 |  9.4
Dodging        | 2 3 4 5 6 7 8 |  8.3
Fighting       | 1 2 3 4 5 6 7 8 |  8.2
Hexes          | 1 2 3 4 5 |  5.1
Translocations | 1 2 3 4 5 |  5.2
Fire Magic     | 3 5 7 10 11 13 | 13.7
Armour         | 3 4 6 7 |  7.1
Poison Magic   | 2 4 |  4.0
Stealth        | |  1.7

Action                     |  1- 3 |  4- 6 |  7- 9 | 10-12 | 13-15 || total
---------------------------+-------+-------+-------+-------+-------++-------
  Melee: Unarmed           |     6 |       |       |       |       ||     6
         Falchion          |       |       |    21 |    25 |       ||    46
         Morningstar       |       |       |       |    70 |   538 ||   608
         Scimitar          |       |       |       |    12 |       ||    12
         Punch             |       |       |       |     2 |     9 ||    11
   Cast: Magic Dart        |    68 |   131 |   186 |   224 |   107 ||   716
         Searing Ray       |     1 |    21 |    64 |    38 |    29 ||   153
         Fulminant Prism   |       |       |     7 |    79 |    53 ||   139
         Iskenderun's Myst |       |       |     5 |   133 |   207 ||   345
         Fireball          |       |       |       |       |   107 ||   107
         Olgreb's Toxic Ra |       |       |       |       |    55 ||    55
         Orb of Destructio |       |       |       |       |    16 ||    16
  Evoke: Wand              |       |       |       |       |     1 ||     1
    Use: Scroll            |       |     6 |     2 |    19 |    17 ||    44
         Potion            |       |     3 |     1 |    10 |    13 ||    27
   Stab: Sleeping          |       |       |       |     1 |     5 ||     6
 Armour: Robe              |     4 |    12 |       |       |       ||    16
         Animal skin       |       |    20 |    61 |    14 |       ||    95
         Skin              |       |     7 |     6 |    21 |    69 ||   103
         Steam dragon scal |       |       |       |   213 |   606 ||   819
  Dodge: Dodged            |     8 |    24 |    64 |   263 |   675 ||  1034

Table legend: (Time is in decaauts)
 A = Elapsed time spent in this place.
 B = Non-inter-level travel time spent in this place.
 C = Inter-level travel time spent in this place.
 D = Time resting spent in this place.
 E = Time spent auto-exploring this place.
 F = Levels seen in this place.
 G = Mean time per level.
                   A        B        C        D        E       F      G
               +--------+--------+--------+--------+--------+-----+--------+
         Total |  44293 |  42804 |   1489 |  10204 |  27376 |  25 | 1771.7 |
       Dungeon |  25894 |  24800 |   1094 |   5405 |  16786 |  15 | 1726.3 |
          Lair |   8644 |   8449 |    195 |   1545 |   5777 |   5 | 1728.8 |
  Orcish Mines |   4082 |   3900 |    182 |   1447 |   1853 |   2 | 2041.0 |
   Elven Halls |   3234 |   3218 |     16 |    856 |   1860 |   2 | 1617.0 |
      Ice Cave |   2437 |   2437 |      0 |    950 |   1098 |   1 | 2437.0 |
               +--------+--------+--------+--------+--------+-----+--------+

Top non-repeatable levels by time:
     D:9: 3966 daAuts
    D:13: 3067 daAuts
  Lair:4: 2811 daAuts
   Elf:1: 2525 daAuts
   IceCv: 2437 daAuts
     D:6: 2295 daAuts
   Orc:2: 2290 daAuts
  Lair:2: 2084 daAuts
    D:14: 1972 daAuts
   Orc:1: 1792 daAuts
     D:5: 1647 daAuts
    D:12: 1640 daAuts
  Lair:3: 1626 daAuts
     D:3: 1527 daAuts
    D:10: 1526 daAuts
